 Dungeon Crawl Stone Soup version 0.28.0-43-g3370ac3207 (webtiles) character file.

Game seed: 9271624572078384692

167 RepoMan the Cutter (level 5, -9/33 HPs)
             Began as a Tengu Berserker on Mar 2, 2022.
             Was a Believer of Trog.
             Killed from afar by Ijyb (42 damage)
             ... with a bolt of acid
             ... on level 3 of the Dungeon.
             The game lasted 00:12:36 (3132 turns).

RepoMan the Cutter (Tengu Berserker)                Turns: 3132, Time: 00:12:36

Health: -9/33      AC:  8    Str: 18    XL:     5   Next: 48%
Magic:  6/6        EV: 12    Int:  7    God:    Trog [**....]
Gold:   88         SH:  0    Dex: 15    Spells: 4/4 levels left

rFire   . . .      SeeInvis .   p - +5 dagger (protect)
rCold   . . .      Faith    .   (no shield)
rNeg    . . .      Spirit   .   s - +0 scale mail
rPois   .          Reflect  .   (helmet restricted)
rElec   .          Harm     .   r - +0 cloak
rCorr   .          Rampage  .   v - +0 pair of gloves
Will    .....                   (boots unavailable)
Stlth   ..........              (no amulet)
HPRegen 0.11/turn               (no ring)
MPRegen 0.10/turn               (no ring)

@: flying quickly and evasively, quick
A: beak, talons 3, nimble flight
a: Renounce Religion, Berserk, Trog's Hand


You were on level 3 of the Dungeon.
You worshipped Trog.
Trog was pleased with you.
You visited 1 branch of the dungeon, and saw 3 of its levels.

You collected 88 gold pieces.

Inventory:

Hand Weapons
 a - a +0 antimagic dagger
 p - a +5 dagger of protection (weapon)
 y - a +0 hunting sling
Missiles
 f - 75 stones (quivered)
 m - 8 poisoned darts
 u - 12 bolts
Armour
 r - a +0 cloak (worn)
 s - a +0 scale mail (worn)
 v - a +0 pair of gloves (worn)
Wands
 o - a wand of polymorph (4)
 q - a wand of flame (18)
Scrolls
 d - 3 scrolls of teleportation {unknown}
 g - 2 scrolls of identify {unknown}
 h - a scroll of fog {unknown}
 k - a scroll of noise {unknown}
 l - 2 scrolls of enchant armour {unknown}
 t - a scroll of vulnerability {unknown}
Potions
 b - a potion of flight {unknown}
 c - a potion of degeneration {unknown}
 e - a potion of magic {unknown}
 i - a potion of resistance {unknown}
 j - a potion of curing {unknown}
 n - a potion of might {unknown}
 w - a potion of berserk rage {unknown}


   Skills:
 + Level 4.1 Fighting
 * Level 5.7 Short Blades
 - Level 2.1 Armour
 - Level 2.1 Dodging


You had 4 spell levels left.
You didn't know any spells.
Your spell library was empty.

Dungeon Overview and Level Annotations

Branches:
Dungeon (3/15)

Altars:
Zin

Shops:
D:1 (

Annotations:
D:3 Ijyb


Innate Abilities, Weirdness & Mutations

You have a beak for a mouth.
You have claws for feet.
Your magical nature lets you fly swiftly and evasively.


Message History

You finish putting on your +0 pair of gloves.
Found a stone staircase leading down.
m - 8 poisoned darts (gained 3)
Found a stone staircase leading down.
A ball python comes into view.
The ball python hisses angrily.
You hit the ball python.
Your weapon exudes an aura of protection.
You claw the ball python, but do no damage.
The ball python is severely wounded.
The ball python closely misses you. The ball python grabs you.
The ball python constricts you.
You closely miss the ball python. You claw the ball python.
You kill the ball python!
Trog accepts your kill.
Found a robe.
l - 2 scrolls labelled QUID DOOHE (gained 1)
You see here a +0 robe.
A quokka comes into view.
Found 11 gold pieces.
You hit the quokka.
Your weapon exudes an aura of protection.
Your kick misses the quokka. You peck the quokka, but do no damage.
The quokka is severely wounded.
The quokka barely misses you.
You hit the quokka.
You kill the quokka!
Trog accepts your kill.
Press: ? - help, . - travel, g - get item You can't see that place. [Stash: 11 gold pieces] [the floor.]
Okay, then.
Unknown command.
w - a golden potion Ijyb the Twisted Goblin comes into view.
She is wielding a +0 club and carrying a wand of acid (8).
Ijyb shouts!
Ijyb zaps a wand.
The bolt of acid hits you!!!
Ouch! That really hurt!
You die...

▒.▒.▒▒▒ ▒...▒
▒▒.▒▒▒ ▒▒..▒
▒▒.▒.▒▒ ▒▒▒
▒▒.▒▒▒.▒▒ ▒.▒
▒.. ▒.▒▒ ▒▒.▒
▒.▒ ▒..
▒▒.▒▒▒.▒▒ ▒.▒
▒..
.▒▒▒▒▒▒▒@▒.▒▒▒
▒.▒ ▒..
.......g.....▒
▒▒.▒▒ ▒..
▒▒▒▒▒▒▒▒▒▒.▒.▒
▒▒...▒▒▒▒.
▒.▒.▒▒▒.▒.......
▒......)).......
▒▒▒.▒▒▒▒▒)▒▒....
▒.............
▒▒▒▒▒▒▒▒▒▒....
▒....


You could see Ijyb.

Vanquished Creatures
  Crazy Yiuf (D:2)
  Jessica (D:2)
  6 adders
  A worm (D:2)
  4 orcs (D:3)
  A bat (D:2)
  8 endoplasms
  3 giant cockroaches
  4 goblins
  5 hobgoblins
  5 kobolds
  2 quokkas
  6 ball pythons
  3 rats
50 creatures vanquished.

Vanquished Creatures (others)
  2 plants (D:1)
  A withered plant (D:1)
3 creatures vanquished.

Grand Total: 53 creatures vanquished

Notes
Turn   | Place    | Note
-------+----------+-------------------------------------------
     0 | D:1      | RepoMan the Tengu Berserker began the quest for the Orb.
     0 | D:1      | Reached XP level 1. HP: 14/14 MP: 2/2
   308 | D:1      | Found Jahounk Zeuw's Weapon Shop.
   354 | D:1      | Reached XP level 2. HP: 19/19 MP: 3/3
   743 | D:1      | Reached skill level 4 in Short Blades
   893 | D:1      | Reached XP level 3. HP: 23/23 MP: 4/4
  1090 | D:1      | Found a faded altar of an unknown god.
  1529 | D:2      | Found a glowing silver altar of Zin.
  1987 | D:2      | Reached XP level 4. HP: 28/28 MP: 5/5
  2129 | D:2      | Noticed Jessica
  2139 | D:2      | Killed Jessica
  2140 | D:2      | Reached skill level 5 in Short Blades
  2673 | D:2      | Found a runed translucent door.
  2674 | D:2      | Noticed Crazy Yiuf
  2681 | D:2      | Killed Crazy Yiuf
  2682 | D:2      | Gained mutation: Your magical nature lets you fly swiftly
                  | and evasively. [Tengu growth]
  2682 | D:2      | Reached XP level 5. HP: 33/33 MP: 6/6
  2989 | D:3      | Reached ** piety under Trog
  3124 | D:3      | Noticed Ijyb
  3132 | D:3      | Killed from afar by Ijyb

Illustrated notes

Levels and vault maps discovered:
D:1:      minmay_arrival_loop, layout_loops_corners, serial_shops, shop,
          shapermc_ecumenical_altar_flowoftime, minmay_cut_off
D:2:      layout_loops_ring, basic_altar, kennysheep_boxes, uniq_jessica,
          uniq_crazy_yiuf_cottage
D:3:      layout_loops_ring, lemuel_crystal_altar, minivault_4,
          minmay_statues_item, uniq_ijyb

Skill      XL: |  1  2  3  4 |
---------------+-------------+-----
Short Blades   | 4 5 |  5.7
Fighting       | 4 |  4.1
Armour         | |  2.1
Dodging        | |  2.1

Action                   |  1- 3 |  4- 6 || total
-------------------------+-------+-------++-------
Melee: Short sword       |    68 |     4 ||    72
       Kick              |    16 |    10 ||    26
       Peck              |     6 |     2 ||     8
       Punch             |     2 |       ||     2
       Dagger            |       |    33 ||    33
 Fire: Hunting sling     |       |     2 ||     2
Throw: Stone             |    28 |    11 ||    39
Invok: Berserk           |     2 |     2 ||     4
 Stab: Sleeping          |     1 |       ||     1
Armor: Animal skin       |     5 |       ||     5
       Scale mail        |       |     1 ||     1
Dodge: Dodged            |    24 |    14 ||    38
